 Dungeon Crawl Stone Soup version 0.31-a0-1278-g11c5b68f87 (webtiles) character file.

Game seed: 11241980377528427063

12352 dialectric the Protected (level 11, -1/102 HPs)
             Began as a Minotaur Fighter on Dec 17, 2023.
             Was a High Priest of Okawaru.
             Slain by Snorg (13 damage)
             ... on level 11 of the Dungeon.
             The game lasted 00:13:47 (9202 turns).

dialectric the Protected (Minotaur Fighter)         Turns: 9202, Time: 00:13:48

Health: -1/102     AC: 13    Str: 20    XL:     11   Next: 61%
Magic:  13/13      EV: 17    Int:  4    God:    Okawaru [*****.]
Gold:   599        SH:  0    Dex: 15    Spells: 10/10 levels left

rFire   . . .        d - +7 Throatcutter {drain, coup de grace}
rCold   . . .        (no shield)
rNeg    + + +        q - +4 leather armour of the Foremost Hosts {rN+}
rPois   +            (helmet restricted)
rElec   .            B - +2 ratskin cloak {*Rats rPois rN+ Str-1 Int-1 Dex+1}
rCorr   +            D - +0 pair of gloves
SInv    .            (no boots)
Will    .....        (no amulet)
Stlth   +            w - ring of resist corrosion
HPRegen 0.37/turn    y - ring of positive energy
MPRegen 0.13/turn

%: no passive effects
@: about to teleport
A: horns 2, retaliatory headbutt
a: Renounce Religion, Heroism, Finesse, Duel


You were on level 11 of the Dungeon.
You worshipped Okawaru.
Okawaru was extremely pleased with you.
You visited 2 branches of the dungeon, and saw 12 of its levels.

You collected 641 gold pieces.
You spent 42 gold pieces at shops.

Inventory:

Hand Weapons
 d - the +7 Throatcutter (weapon) {drain, coup de grace}
   (You took it off Terence on level 2 of the Dungeon)
Missiles
 b - 2 throwing nets
 g - 13 boomerangs
 t - 19 poisoned darts (quivered)
Armour
 c - a +0 buckler
 k - a +1 scale mail of positive energy
 q - the +4 leather armour of the Foremost Hosts (worn) {rN+}
   (You found it on level 3 of the Dungeon)

   rN+:       It protects you from negative energy.
 v - a +3 leather armour of cold resistance
 B - the +2 ratskin cloak (worn) {*Rats rPois rN+ Str-1 Int-1 Dex+1}
   (You found it on level 6 of the Dungeon)

   *Rats:     When the wearer is hurt, rats may emerge from it to assist them.
   Str-1:     It affects your strength (-1).
   Int-1:     It affects your intelligence (-1).
   Dex+1:     It affects your dexterity (+1).
   rPois:     It protects you from poison rN+: It protects you from negative
   energy.
 D - a +0 pair of gloves (worn)
 G - +0 steam dragon scales
 J - a +0 cloak
Jewellery
 a - a ring of willpower
 w - a ring of resist corrosion (left hand)
 y - a ring of positive energy (right hand)
 H - a ring of protection from cold
 K - a ring of ice
 M - a +6 ring of intelligence
Wands
 n - a wand of roots (43)
 z - a wand of polymorph (8)
 I - a wand of charming (10)
Scrolls
 e - a scroll of vulnerability
 i - a scroll of revelation {unknown}
 l - a scroll of enchant armour {unknown}
 m - 11 scrolls of identify
 o - 2 scrolls of immolation
 p - a scroll of enchant weapon {unknown}
 u - 4 scrolls of teleportation
 x - a scroll of poison {unknown}
 C - a scroll of blinking {unknown}
 E - a scroll of silence {unknown}
 F - a scroll of butterflies {unknown}
Potions
 f - 3 potions of heal wounds
 h - 2 potions of berserk rage {unknown}
 j - 3 potions of curing {unknown}
 r - a potion of mutation {unknown}
 s - 2 potions of enlightenment
 A - 2 potions of brilliance {unknown}
 L - 4 potions of lignification {unknown}


   Skills:
 - Level 11.0 Fighting
 + Level 10.7 Long Blades
 - Level 3.1 Maces & Flails
 + Level 11.5 Armour
 + Level 10.0 Dodging
 - Level 4.4 Shields
 * Level 4.3 Invocations


You had 10 spell levels left.
You didn't know any spells.
Your spell library contained the following spells:

 Spells                   Type           Power      Damage    Failure   Level
 Cigotuvi's Dreadful Rot  Necr/Pois/Air  0%         N/A       67%         2
 Poisonous Vapours        Pois/Air       0%         N/A       67%         2
 Sublimation of Blood     Necr           0%         N/A       67%         2
 Wereblood                Tmut           0%         N/A       67%         2
 Ignite Poison            Fire/Tmut/Pois 0%         N/A       88%         3
 Mephitic Cloud           Conj/Pois/Air  0%         N/A       88%         3
 Ozocubu's Armour         Ice            0%         N/A       88%         3
 Passage of Golubria      Tloc           0%         N/A       99%         4
 Petrify                  Tmut/Erth      0%         N/A       99%         4
 Vhi's Electric Charge    Tloc/Air       0%         N/A       99%         4
 Arcjolt                  Conj/Air       0%         1d10      100%        5
 Freezing Cloud           Conj/Ice/Air   0%         6-21      100%        5
 Irradiate                Conj/Tmut      0%         3d11      100%        5
 Lee's Rapid Deconstruct  Erth           0%         3d4*      100%        5
 Metabolic Englaciation   Hex/Ice        0%         N/A       100%        5
 Yara's Violent Unravell  Hex/Tmut       0%         3d3       100%        5
 Plasma Beam              Fire/Air       0%         2x1d10    100%        6
 Tukima's Dance           Hex            Unusable   N/A       N/A         3
 Animate Armour           Summ/Erth      Unusable   N/A       N/A         4
 Summon Lightning Spire   Summ/Air       Unusable   N/A       N/A         4
 Simulacrum               Ice/Necr       Unusable   N/A       N/A         6

Dungeon Overview and Level Annotations

Branches:
Dungeon (11/15)            Temple (1/1) D:5            Lair (0/5) D:8
    Orc: D:9-12

Altars:
Ashenzari
Cheibriados
Dithmenos
Elyvilon
Fedhas
Gozag
Hepliaklqana
Kikubaaqudgha
Makhleb
Nemelex Xobeh
Okawaru
Qazlal
Ru
Sif Muna
Trog
Uskayaw
Vehumet
Wu Jian
Xom
Yredelemnul
The Shining One

Shops:
D:4 ((?   D:6 =

Annotations:
D:8 3 runed translucent doors
D:11 Snorg


Innate Abilities, Weirdness & Mutations

You have a pair of horns on your head.
You reflexively headbutt those who attack you in melee.


Message History

You hit Snorg. You headbutt Snorg!
Snorg is lightly wounded.
Snorg closely misses you. Snorg claws you but does no damage. Snorg claws you!
The orc barely misses you. Snorg bites you!! Snorg closely misses you. x2
You slash Snorg!
Snorg is lightly wounded.
The orc barely misses you. Snorg barely misses you. Snorg claws you! x2
You are too injured to fight recklessly!
Unknown command.
Snorg attacks as she pursues you! Snorg closely misses you.
You furiously retaliate!
You headbutt Snorg! Snorg claws you but does no damage. Snorg claws you!
Snorg bites you. Snorg misses you. Snorg claws you but does no damage.
Unknown command.
Snorg bites you!
* * * LOW HITPOINT WARNING * * *
Snorg misses you. Snorg barely misses you.
Unknown command.
Snorg attacks as she pursues you! Snorg closely misses you. Snorg misses you.
Snorg claws you!
* * * LOW HITPOINT WARNING * * *
Snorg bites you but does no damage. Snorg claws you but does no damage.
Snorg barely misses you.
There is a shaft here.
You feel much better. Snorg barely misses you. You furiously retaliate!
You headbutt Snorg. Snorg claws you but does no damage.
Snorg barely misses you. Snorg closely misses you. You furiously retaliate!
You headbutt Snorg! Snorg misses you. Snorg barely misses you.
As you read the scroll of teleportation, it crumbles to dust.
You feel strangely unstable. Snorg bites you but does no damage.
Snorg claws you!!
* * * LOW HITPOINT WARNING * * *
Snorg barely misses you.
The orc priest looks encouraged for a moment.
The orc warrior falls through a shaft!
The shaft crumbles and collapses.
Snorg misses you. Snorg claws you.
* * * LOW HITPOINT WARNING * * *
Snorg claws you!
You die...

########## ..?......# .........#
.........################
.)..........o○T@........# ####
.....!#[o#.o............### #...
.!... #..##.............'.# #>..
.... ....##....)........#.# #...
###########+.............#.###...
.........# #.............#.......
######'### ##########)########...
#.....# #.....).# ####
##'######## ###.#########


You could see Snorg (berserk), an orc priest and 2 orcs.

Vanquished Creatures
  A two-headed ogre (D:11)
  Pikel (D:4)
  Maurice (D:7)
  A cyclops (D:8)
  2 unseen horrors (D:11)
  Maggie (D:7)
  Jeremiah (D:7)
  2 trolls (D:11)
  A hornet (D:9)
  16 yaks
  Eustachio (D:5)
  2 wraiths
  6 vampire mosquitoes (D:11)
  3 water moccasins
  2 acid dragons (D:10)
  Duvessa (D:7)
  3 orc warriors
  2 black bears
  2 ice beasts
  An ogre (D:7)
  5 centaurs
  A lemure (D:4)
  2 kobold brigands
  3 bullfrogs
  3 gnoll sergeants
  3 scorpions
  5 wights (D:9)
  Dowan (D:7)
  18 killer bees
  8 howler monkeys
  A centaur zombie (D:4)
  2 quasits (D:5)
  3 jellies
  4 orc priests
  4 hounds
  Crazy Yiuf (D:7)
  Ijyb (D:5)
  Terence (D:2)
  3 iguanas
  5 orc wizards
  A sleepcap (D:5)
  A hound zombie (D:4)
  15 gnolls
  7 adders
  3 shadow imps
  7 white imps
  5 ufetubi
  2 adder zombies (D:4)
  3 dart slugs
  7 worms
  34 orcs
  6 bats
  6 endoplasms
  2 giant cockroaches
  6 hobgoblins
  6 jackals (D:3)
  9 kobolds
  7 quokkas
  4 ball pythons
  A frilled lizard (D:1)
  8 goblins
  A jackal zombie (D:4)
  A rat (D:2)
266 creatures vanquished.

Vanquished Creatures (others)
  A minotaur (D:1)
  Erolcha (D:11)
  A draconian (D:1)
  A gargoyle (D:1)
  An elf (D:1)
  A troll (D:1)
  A formicid (D:1)
  2 vampires (D:1)
  A yak (D:11)
  A human (D:1)
  2 dwarves (D:1)
  A gnoll (D:1)
  5 tentacles (D:1)
19 creatures vanquished.

Grand Total: 285 creatures vanquished

Notes
Turn   | Place    | Note
-------+----------+-------------------------------------------
     0 | D:1      | dialectric the Minotaur Fighter began the quest for the
                  | Orb.
     0 | D:1      | Reached XP level 1. HP: 19/19 MP: 0/0
     0 | D:1      | Noticed a troll
     0 | D:1      | Noticed an elf
     0 | D:1      | Noticed a formicid
     0 | D:1      | Noticed a dwarf
     0 | D:1      | Noticed a human
     0 | D:1      | Noticed a kraken
     0 | D:1      | Noticed a dwarf
     0 | D:1      | Noticed a gargoyle
     0 | D:1      | Noticed a vampire
     0 | D:1      | Noticed a minotaur
     0 | D:1      | Noticed a draconian
     0 | D:1      | Noticed a vampire
     2 | D:1      | Killed a dwarf
     3 | D:1      | Killed a gargoyle
     7 | D:1      | Killed a minotaur
    13 | D:1      | Killed a draconian
    13 | D:1      | Killed an elf
    14 | D:1      | Killed a human
    15 | D:1      | Killed a dwarf
    16 | D:1      | Killed a vampire
    18 | D:1      | Killed a formicid
    18 | D:1      | Killed a vampire
    19 | D:1      | Killed a troll
   230 | D:1      | Found a faded altar of an unknown god.
   234 | D:1      | Reached XP level 2. HP: 27/27 MP: 1/1
   693 | D:2      | Reached skill level 1 in Dodging
   741 | D:2      | Reached XP level 3. HP: 33/33 MP: 2/2
   774 | D:2      | Noticed Terence
   783 | D:2      | Killed Terence
   874 | D:2      | Found an iron altar of Okawaru.
   892 | D:2      | Reached XP level 4. HP: 40/40 MP: 3/3
   918 | D:2      | Became a worshipper of Warmaster Okawaru
  1321 | D:3      | Identified the +4 leather armour of the Foremost Hosts
                  | {rN+}
  1361 | D:3      | Reached skill level 1 in Long Blades
  1426 | D:3      | Found an opulent altar of Gozag.
  1630 | D:3      | Found an iron altar of Okawaru.
  1872 | D:4      | Found a shimmering altar of Xom.
  1880 | D:4      | Found a stormy altar of Qazlal.
  1917 | D:4      | Found Xuutt's Weapon Boutique.
  1987 | D:4      | Reached XP level 5. HP: 46/47 MP: 4/4
  1988 | D:4      | Found a basalt altar of Yredelemnul.
  2110 | D:4      | Found Boxtexynt's Magic Scroll Emporium.
  2117 | D:4      | Bought a scroll of teleportation for 42 gold pieces
  2241 | D:4      | Found Mylish's Armour Shop.
  2297 | D:4      | Found Houcexor's Weapon Shop.
  2467 | D:5      | Entered Level 5 of the Dungeon
  2486 | D:5      | Reached skill level 5 in Fighting
  2486 | D:5      | Reached skill level 5 in Armour
  2486 | D:5      | Reached XP level 6. HP: 43/56 MP: 5/5
  2497 | D:5      | Noticed Ijyb
  2616 | D:5      | Reached * piety under Okawaru
  2619 | D:5      | Killed Ijyb
  2650 | D:5      | Noticed Pikel
  2835 | D:4      | Killed Pikel
  2836 | D:4      | Reached XP level 7. HP: 28/64 MP: 6/6
  3014 | D:5      | Reached XP level 8. HP: 71/71 MP: 7/7
  3017 | D:5      | Reached ** piety under Okawaru
  3185 | D:5      | Reached skill level 5 in Long Blades
  3493 | D:5      | Noticed Eustachio
  3652 | D:5      | Reached skill level 5 in Dodging
  3740 | D:6      | Found a shimmering blue altar of Sif Muna.
  3816 | D:6      | Found the +2 ratskin cloak {*Rats rPois rN+ Str-1 Int-1
                  | Dex+1}
  3850 | D:6      | Found Witop's Jewellery Shoppe.
  3861 | D:6      | Reached *** piety under Okawaru
  4069 | D:6      | Reached XP level 9. HP: 55/81 MP: 8/8
  4396 | D:7      | Noticed Duvessa
  4396 | D:7      | Noticed Dowan
  4398 | D:7      | Killed Duvessa
  4405 | D:7      | Killed Dowan
  4613 | D:7      | Noticed Maggie
  4621 | D:7      | Killed Maggie
  4698 | D:7      | Reached **** piety under Okawaru
  4942 | D:7      | Found a snail-covered altar of Cheibriados.
  4950 | D:7      | Noticed Jeremiah
  5005 | D:7      | Killed Jeremiah
  5534 | D:7      | Found a runed translucent door.
  5535 | D:7      | Noticed Crazy Yiuf
  5581 | D:7      | Found a glowing golden altar of the Shining One.
  5581 | D:7      | Noticed Maurice
  5601 | D:7      | Something stole a ring of protection from cold
  5608 | D:7      | Killed Maurice
  5609 | D:7      | Reached XP level 10. HP: 73/91 MP: 9/9
  5720 | D:7      | Killed Crazy Yiuf
  5807 | D:7      | Reached ***** piety under Okawaru
  5987 | D:8      | Found a staircase to the Lair.
  6020 | D:8      | Found a runed translucent gate.
  6020 | D:8      | Found a runed translucent gate.
  6020 | D:8      | Found a runed translucent gate.
  6021 | D:8      | Noticed a red ugly thing
  6021 | D:8      | Noticed a glowing orange brain
  6021 | D:8      | Noticed a purple ugly thing
  6021 | D:8      | Noticed a purple ugly thing
  6023 | D:8      | Noticed a red ugly thing
  6182 | D:8      | Reached skill level 10 in Fighting
  6405 | D:8      | Noticed a cyclops
  6414 | D:8      | Killed a cyclops
  6415 | D:8      | Reached skill level 10 in Armour
  6621 | D:9      | Received a gift from Okawaru
  6925 | D:9      | Found an ornate altar of the Wu Jian Council.
  7271 | D:9      | Paralysed by a hornet for 3 turns
  7280 | D:9      | Reached XP level 11. HP: 45/102 MP: 10/10
  7615 | D:9      | Found an ancient bone altar of Kikubaaqudgha.
  7724 | D:10     | Entered Level 10 of the Dungeon
  7745 | D:10     | Found a radiant altar of Vehumet.
  7845 | D:10     | Reached skill level 10 in Long Blades
  7874 | D:10     | Found a burning altar of Makhleb.
  7874 | D:10     | Found a bloodstained altar of Trog.
  7949 | D:10     | Found a white marble altar of Elyvilon.
  8030 | D:10     | Found a sparkling altar of Nemelex Xobeh.
  8332 | D:5      | Found a staircase to the Ecumenical Temple.
  8351 | Temple   | Entered the Ecumenical Temple
  8415 | D:5      | Killed Eustachio
  8416 | D:5      | Reached skill level 1 in Invocations
  8567 | D:11     | Noticed Erolcha
  8574 | D:11     | Killed Erolcha
  8583 | D:11     | Received a gift from Okawaru
  8671 | D:11     | Noticed a two-headed ogre
  8675 | D:11     | Killed a two-headed ogre
  8873 | D:11     | Reached skill level 10 in Dodging
  9186 | D:11     | Noticed Snorg
  9202 | D:11     | Slain by Snorg

Illustrated notes

Levels and vault maps discovered:
D:1:      nicolae_arrival_kraken_aquarium_a, layout_basic,
          shapermc_ecumenical_altar_venn
D:2:      layout_rooms, basic_altar, uniq_terence
D:3:      layout_basic, nicolae_gozag_cash_rules_everything_around_me,
          nicolae_overflow_hidden_temple
D:4:      layout_cave_pools, nicolae_yredelemnul_corpse_copse,
          mainiacjoe_overflow_big_doors, serial_shops,
          nicolae_shop_hallway_stairs, shop, nicolae_shop_tiny_waterfront,
          nicolae_shop_rolling_square
D:5:      layout_loops_ring, minmay_temple_entry_from_below_b, serial_demonic,
          serial_demonic_a, serial_demonic_g, serial_demonic_c,
          serial_demonic_a, serial_demonic_g, serial_demonic_a,
          serial_demonic_e, uniq_ijyb, uniq_pikel, uniq_eustachio
D:6:      layout_rooms, mainiacjoe_overflow_tiny_flanked, grunt_ministairs_13,
          kennysheep_pointless_box, kennysheep_small_circle
D:7:      layout_loops_corners, kennysheep_little_box, kennysheep_mini_moat,
          uniq_maggie, uniq_crazy_yiuf_cottage, uniq_jeremiah, uniq_duvessa,
          uniq_maurice
D:8:      layout_cave_pools, lair_entry_dummy, serial_column_ruins,
          column_ruins_pillar_6, column_ruins_pillar_5, column_ruins_pillar_2,
          column_ruins_pillar_4, column_ruins_pillar_6, column_ruins_pillar_3,
          column_ruins_pillar_5, column_ruins_pillar_1, column_ruins_pillar_3,
          column_ruins_pillar_1, column_ruins_pillar_2, column_ruins_pillar_7,
          ploomutoo_gammafunk_ghost_potion_laboratory
D:9:      layout_irregular_city, lemuel_coloured_pillars_altar,
          kiku_gazebo_pond_becter, library_closet
D:10:     layout_roguey, mainiacjoe_overflow_catwalk,
          mainiacjoe_overflow_six_doors_small, mainiacjoe_overflow_alcove_2,
          mainiacjoe_overflow_catwalk_spiral, minmay_misc_feat_secret_circle
D:11:     layout_roguey, erik_orc_1, uniq_erolcha, uniq_snorg
Temple:   hellmonk_temple_micro_hex

Skill      XL: |  1  2  3  4  5  6  7  8  9 10 11 |
---------------+----------------------------------+-----
Fighting       | 4 5 6 7 9 11 | 11.0
Dodging        | 1 2 4 6 7 9 10 | 10.0
Armour         | 4 5 6 7 9 10 11 | 11.5
Shields        | 4 |  4.4
Maces & Flails | 3 |  3.1
Long Blades    | 1 2 4 6 8 9 10 | 10.7
Invocations    | 4 |  4.3

Action                     |  1- 3 |  4- 6 |  7- 9 | 10-12 || total
---------------------------+-------+-------+-------+-------++-------
  Melee: Flail             |    41 |       |       |       ||    41
         Headbutt          |     9 |     9 |    28 |    48 ||    94
         Long sword        |     6 |   107 |   192 |   224 ||   529
         Punch             |       |     1 |     2 |     3 ||     6
  Evoke: Wand              |       |       |       |     2 ||     2
    Use: Potion            |     1 |       |       |     2 ||     3
         Scroll            |       |       |     2 |     3 ||     5
   Stab: Distracted        |       |       |       |     1 ||     1
         Invisible         |       |       |       |     1 ||     1
 Armour: Scale mail        |    36 |    17 |       |       ||    53
         Leather armour    |       |    93 |   146 |   240 ||   479
         Skin              |       |     1 |       |       ||     1
  Dodge: Dodged            |    17 |    83 |   137 |   311 ||   548

Table legend: (Time is in decaauts)
 A = Elapsed time spent in this place.
 B = Non-inter-level travel time spent in this place.
 C = Inter-level travel time spent in this place.
 D = Time resting spent in this place.
 E = Time spent auto-exploring this place.
 F = Levels seen in this place.
 G = Mean time per level.
                   A        B        C        D        E       F      G
               +--------+--------+--------+--------+--------+-----+--------+
         Total |   9260 |   8859 |    401 |    521 |   6296 |  12 |  771.7 |
       Dungeon |   9205 |   8804 |    401 |    470 |   6296 |  11 |  836.8 |
        Temple |     55 |     55 |      0 |     51 |      0 |   1 |   55.0 |
               +--------+--------+--------+--------+--------+-----+--------+

Top non-repeatable levels by time:
     D:7: 1481 daAuts
     D:4: 1060 daAuts
     D:8: 1050 daAuts
     D:9: 907 daAuts
     D:5: 850 daAuts
     D:6: 764 daAuts
    D:11: 695 daAuts
     D:3: 653 daAuts
     D:2: 593 daAuts
     D:1: 590 daAuts
    D:10: 558 daAuts
  Temple: 55 daAuts
